 Dungeon Crawl Stone Soup version 0.22-a0-373-gab1296c (webtiles) character file.

36218 tilp the Impaler (level 13, -6/98 HPs)
             Began as a Merfolk Ice Elementalist on Apr 24, 2018.
             Was an Elder of Makhleb.
             Mangled by an orc knight
             ... wielding a +2 long sword
              (26 damage)
             ... on level 2 of the Orcish Mines on Apr 25, 2018.
             The game lasted 01:53:39 (37045 turns).

tilp the Impaler (Merfolk Ice Elementalist)        Turns: 37045, Time: 01:53:40

Health: -6/98      AC: 16    Str: 13    XL:     13   Next: 88%
Magic:  17/22      EV: 18    Int: 22    God:    Makhleb [****..]
Gold:   1379       SH:  0    Dex: 14    Spells: 12/24 levels left

rFire    . . .     SeeInvis .   Q - +0 glaive
rCold    + . .     Gourm    .   (shield currently unavailable)
rNeg     . . .     Faith    +   y - +1 leather armour {rF+}
rPois    .         Spirit   .   (no helmet)
rElec    .         Reflect  .   d - +0 cloak
rCorr    .         Harm     .   e - +1 pair of gloves
MR       +....                  (no boots)
Stlth    +++.......             b - amulet of faith
HPRegen  0.26/turn              D - +4 ring of intelligence
MPRegen  0.18/turn              A - ring "Iklaf" {Ice MR+ Str+3 Stlth+}

@: icy armour, very slightly contaminated
A: change form in water, swift swim, stealthy swim
a: Minor Destruction, Lesser Servant of Makhleb, Major Destruction, Renounce
Religion


You were on level 2 of the Orcish Mines.
You worshipped Makhleb.
Makhleb was greatly pleased with you.
You were not hungry.

You visited 4 branches of the dungeon, and saw 20 of its levels.

You collected 1499 gold pieces.
You spent 120 gold pieces at shops.

Inventory:

Hand Weapons
 n - the +6 short sword "Ownunt" {pierce, rElec Str+2 Int-4 Dex+7, unknown}
   (You found it on level 5 of the Lair of Beasts)

   It inflicts extra damage upon your enemies.
   It affects your strength (+2).
   It affects your intelligence (-4).
   It affects your dexterity (+7).
   It insulates you from electricity.
 t - a +0 halberd
 Q - a +0 glaive (weapon)
Missiles
 v - 34 tomahawks (quivered)
 w - 3 throwing nets
Armour
 d - a +0 cloak (worn)
 e - a +1 pair of gloves (worn)
 y - a +1 leather armour of fire resistance (worn)
 N - a cursed +0 buckler
 R - a +2 robe of magic resistance
 S - a +0 leather armour of poison resistance
 V - a +1 robe of magic resistance
 W - a +0 robe of positive energy
Jewellery
 b - an amulet of faith (around neck)
 z - an uncursed ring of positive energy
 A - the ring "Iklaf" (right hand) {Ice MR+ Str+3 Stlth+}
   (You took it off a gnoll on level 6 of the Dungeon)

   [ring of ice]

   It enhances your ice magic.
   It affects your strength (+3).
   It makes you vulnerable to fire.
   It protects you from cold.
   It affects your resistance to hostile enchantments.
   It makes you more stealthy.
 D - a +4 ring of intelligence (left hand)
 F - an uncursed amulet of guardian spirit
 M - a +2 amulet of reflection {unknown}
 T - an uncursed ring of stealth {unknown}
 U - an uncursed ring of resist corrosion {unknown}
Wands
 m - a wand of enslavement (17)
 G - a wand of iceblast (7)
 L - a wand of polymorph (11)
 P - a wand of digging (38)
Scrolls
 f - a scroll of immolation
 h - 2 scrolls of teleportation
 k - 3 scrolls of fog
 l - 6 scrolls of remove curse
 o - a scroll of vulnerability
 p - 4 scrolls of fear
 u - a scroll of brand weapon
 E - 7 scrolls of amnesia
 J - 5 scrolls of enchant weapon
 K - a scroll of magic mapping
 O - a scroll of torment
Potions
 j - 4 potions of flight
 q - a potion of mutation
 r - 2 potions of curing
 s - a potion of agility
 x - 3 potions of brilliance
 B - a potion of magic
 C - 2 potions of berserk rage
 I - 4 potions of lignification
Miscellaneous
 a - a lightning rod (4/4)
 H - a lightning rod (4/4)
Comestibles
 c - 25 rations
 g - 2 chunks of flesh


   Skills:
 - Level 8.0 Fighting
 + Level 18.9 Polearms
 - Level 10.0 Dodging
 - Level 2.1 Stealth
 - Level 6.0 Spellcasting
 - Level 3.2 Conjurations
 - Level 4.0 Charms
 - Level 12.0 Ice Magic
 - Level 6.1 Invocations
 - Level 4.3 Evocations


You had 12 spell levels left.
You knew the following spells:

 Your Spells              Type           Power        Failure   Level  Hunger
a - Freeze                Ice            ####         1%          1    None
b - Throw Frost           Conj/Ice       ######       1%          2    None
c - Ozocubu's Armour      Chrm/Ice       ######..     1%          3    #......
d - Ensorcelled Hibernat  Hex/Ice        #####.       1%          2    None
e - Throw Icicle          Conj/Ice       ######..     4%          4    ###....


Dungeon Overview and Level Annotations

Branches:
Dungeon (12/15)            Temple (1/1) D:4            Lair (5/6) D:9
  Swamp (0/4) Lair:3        Snake (0/4) Lair:3          Orc (2/2) D:12
    Elf (0/3) Orc:2
  Slime: Lair:5-6

Altars:
Ashenzari
Cheibriados
Dithmenos
Elyvilon
Fedhas
Gozag
Hepliaklqana
Kikubaaqudgha
Makhleb
Nemelex Xobeh
Okawaru
Qazlal
Ru
Sif Muna
Trog
Uskayaw
Vehumet
Wu Jian
Xom
Yredelemnul
Zin
The Shining One
Beogh

Shops:
D:5 !

Portals:
Trove: D:12 (give 6 scrolls of blinking)

Annotations:
D:4 exclusion: ogre
D:5 exclusion: ogre
D:7 Dowan
D:8 exclusion: upstairs, tilp's ghost, novice MfIE
D:10 Joseph; Psyche; Snorg
D:11 Fannar
D:12 Sonja


Message History

The orc knight is severely wounded.
You completely miss the orc knight.
The orc knight is severely wounded.
The orc knight hits you with an enchanted long sword.
You completely miss the orc knight.
The orc knight is severely wounded.
The orc knight hits you with an enchanted long sword!!
* * * LOW HITPOINT WARNING * * *
Casting: Ozocubu's Armour (safe; 1% risk of failure)
Confirm with . or Enter, or press ? or * to list all spells.
Aiming: Throw Icicle (safe; 4% risk of failure)
Press: ? - help, Shift-Dir - straight line, f - orc knight
Aim: an orc knight, wielding an enchanted long sword and wearing a plate armour (severely wounded)
You feel a surge of power!
You miscast Throw Icicle.
You are very lightly contaminated with residual magic.
Wisps of condensation drift from your hands.
You hit the orc knight but do no damage.
The orc knight is severely wounded.
The orc knight hits you with an enchanted long sword!!
You die...

.[..........#.)⌠..'.#
.......<....#.....#.#####
##..........#.....#.....#
###........########)###.#
.####......## #..)..#
..######....# #.._..+
....#.#####.# #.....#
.......## #.#######'###
........######.o@...#
......#..# #'######
........# #.# .......##
#O# .#.....#


oO. ##.....# ..... #.....## #.....# ##...## ##$$$## ##### #...# You could see an
orc knight.

Vanquished Creatures
  A hydra (D:11)
  A two-headed ogre (Orc:2)
  An orc high priest (Orc:1)
  3 death yaks (Lair:5)
  2 unseen horrors
  An orc knight (Orc:2)
  2 orc sorcerers (Orc:2)
  2 cyclopes
  A black mamba (Lair:5)
  A centaur skeleton (D:11)
  A torpor snail (Lair:1)
  9 spiny frogs
  3 komodo dragons
  A troll (D:10)
  3 blink frogs (Lair:1)
  6 hippogriffs
  3 shadows
  A wraith (D:10)
  2 wyverns
  28 yaks
  3 basilisks
  Grum (D:9)
  A hungry ghost (D:10)
  2 wargs (D:12)
  2 swamp worms (Lair:3)
  A soldier ant (D:12)
  7 porcupines
  6 water moccasins
  3 sky beasts
  27 orc warriors
  2 ice beasts (D:10)
  2 phantoms
  2 black bears
  22 ogres
  A necrophage (D:12)
  7 wolves
  8 centaurs
  20 crocodiles
  13 bullfrogs
  A big kobold (D:9)
  A gnoll sergeant (D:10)
  A wyvern zombie (D:6)
  A wyvern skeleton (D:10)
  2 scorpions
  25 killer bees
  2 electric eels (Lair:3)
  2 howler monkeys
  A jelly (D:5)
  5 crimson imps
  2 centaur zombies
  3 bullfrog zombies
  2 hounds
  28 orc priests
  13 orc wizards
  5 iguanas
  5 worker ants
  A hound skeleton (D:7)
  A howler monkey zombie (D:5)
  A worker ant zombie (D:11)
  14 gnolls
  15 adders
  A shadow imp (D:7)
  An adder skeleton (D:6)
  2 worms
  4 dart slugs
  7 leopard geckos
  91 orcs
  10 giant cockroaches
  11 jackals
  3 quokkas
  A ball python (D:3)
  15 bats
  5 frilled lizards
  5 goblins
  A jackal skeleton (D:5)
  A jackal zombie (D:5)
  15 kobolds
  3 rats
509 creatures vanquished.

Vanquished Creatures (collateral kills)
  An orc warlord (Orc:2)
  An ettin (Orc:1)
  A catoblepas (Lair:4)
  A death yak (Lair:5)
  An orc high priest (Orc:2)
  2 orc sorcerers (Orc:2)
  A black mamba (Lair:4)
  A torpor snail (Lair:1)
  A troll (D:9)
  A blink frog (Lair:1)
  A yak (Lair:2)
  A wraith (D:10)
  A basilisk (Lair:1)
  A porcupine (Lair:1)
  4 orc warriors (Orc:2)
  2 ogres (Orc:2)
  A wolf (Lair:5)
  A crocodile (Lair:4)
  A wyvern zombie (D:11)
  A bullfrog (Lair:1)
  A quasit (D:9)
  A hound (D:10)
  3 orc priests (Orc:2)
  A centaur skeleton (D:10)
  An orc wizard (Orc:2)
  2 hound zombies
  6 orcs
40 creatures vanquished.

Vanquished Creatures (others)
  A fungus (Lair:5)
  2 plants (Lair:5)
  5 toadstools (D:1)
8 creatures vanquished.

Grand Total: 557 creatures vanquished

Notes
Turn   | Place    | Note
-------+----------+-------------------------------------------
     0 | D:1      | tilp the Merfolk Ice Elementalist began the quest for the Orb.
     0 | D:1      | Reached XP level 1. HP: 13/13 MP: 3/3
   372 | D:1      | Reached XP level 2. HP: 19/19 MP: 3/5
   376 | D:1      | Learned a level 2 spell: Throw Frost
  1059 | D:2      | Found a shadowy altar of Dithmenos.
  1160 | D:2      | Reached XP level 3. HP: 8/24 MP: 1/6
  1406 | D:2      | Learned a level 3 spell: Ozocubu's Armour
  2094 | D:2      | Reached skill level 5 in Ice Magic
  2375 | D:2      | Reached XP level 4. HP: 27/30 MP: 5/7
  3681 | D:3      | Reached XP level 5. HP: 28/35 MP: 1/8
  3802 | D:3      | Found a deep blue altar of Sif Muna.
  4418 | D:4      | Found a sparkling altar of Nemelex Xobeh.
  5036 | D:4      | Noticed an ogre
  5065 | D:4      | Learned a level 2 spell: Ensorcelled Hibernation
  5117 | D:4      | Found a staircase to the Ecumenical Temple.
  5255 | Temple   | Entered the Ecumenical Temple
  5442 | Temple   | Became a worshipper of Makhleb the Destroyer
  5567 | D:4      | Found a blossoming altar of Fedhas.
  5575 | D:4      | Noticed a centaur
  5582 | D:4      | Killed a centaur
  5582 | D:4      | Reached XP level 6. HP: 30/41 MP: 2/9
  5746 | D:4      | Noticed a phantom
  6319 | D:4      | Reached skill level 1 in Fighting
  6529 | D:5      | Entered Level 5 of the Dungeon
  6907 | D:5      | Found a white marble altar of Elyvilon.
  6953 | D:5      | Reached XP level 7. HP: 52/52 MP: 4/10
  7295 | D:5      | Found Qaasihod's Distillery.
  7598 | D:5      | Bought a potion of brilliance for 60 gold pieces
  7598 | D:5      | Bought a potion of degeneration for 15 gold pieces
  7598 | D:5      | Bought a potion of lignification for 45 gold pieces
  7814 | D:6      | Reached skill level 5 in Dodging
  7915 | D:6      | Reached * piety under Makhleb
  8058 | D:6      | Reached XP level 8. HP: 27/60 MP: 5/11
  8374 | D:6      | Got a brightly glowing golden ring
  8511 | D:6      | Identified the ring "Iklaf" {Ice MR+ Str+3 Stlth+} (You took it off a gnoll on level 6 of the Dungeon)
  9012 | D:7      | Reached ** piety under Makhleb
  9534 | D:7      | Reached skill level 10 in Ice Magic
  9534 | D:7      | Reached XP level 9. HP: 65/65 MP: 3/12
  9857 | D:7      | Found a glowing golden altar of the Shining One.
  9999 | D:7      | Found a snail-covered altar of Cheibriados.
 10313 | D:7      | Noticed Dowan
 10520 | D:8      | Noticed tilp's ghost (novice MfIE)
 11097 | D:8      | Reached *** piety under Makhleb
 12175 | D:8      | Reached skill level 10 in Dodging
 12964 | D:9      | Noticed a troll
 13056 | D:9      | Reached XP level 10. HP: 63/71 MP: 8/13
 13194 | D:9      | Found a staircase to the Lair.
 13207 | D:9      | Reached skill level 5 in Invocations
 13481 | D:9      | Learned a level 4 spell: Throw Icicle
 13753 | D:9      | Found a sacrificial altar of Ru.
 13760 | D:9      | Found a stormy altar of Qazlal.
 13871 | D:9      | Reached skill level 5 in Fighting
 14064 | D:9      | Reached **** piety under Makhleb
 14468 | D:9      | Reached skill level 1 in Conjurations
 14824 | D:9      | Noticed Grum
 14939 | D:9      | Found an iron altar of Okawaru.
 15403 | D:10     | Entered Level 10 of the Dungeon
 15444 | D:10     | Noticed Psyche
 15506 | D:10     | Found a hazy altar of Hepliaklqana.
 15588 | D:10     | Noticed Joseph
 15930 | D:9      | Killed Grum
 15976 | Lair:1   | Entered Level 1 of the Lair of Beasts
 16393 | D:9      | Reached XP level 11. HP: 81/81 MP: 10/15
 16670 | Lair:1   | Found a dark tunnel.
 17518 | Lair:1   | Reached skill level 2 in Polearms
 17800 | Lair:1   | Reached skill level 3 in Polearms
 17816 | Lair:1   | Found a snail-covered altar of Cheibriados.
 17893 | Lair:1   | Reached skill level 4 in Polearms
 17910 | Lair:1   | Reached skill level 5 in Polearms
 18144 | Lair:1   | Reached skill level 6 in Polearms
 18347 | Lair:1   | Reached skill level 7 in Polearms
 18847 | Lair:2   | Reached skill level 8 in Polearms
 19116 | Lair:2   | Reached skill level 9 in Polearms
 19650 | Lair:3   | Reached skill level 10 in Polearms
 19932 | Lair:3   | Found a staircase to the Snake Pit.
 20608 | Lair:3   | Found a staircase to the Swamp.
 20802 | Lair:3   | Reached skill level 11 in Polearms
 21590 | Lair:4   | Reached XP level 12. HP: 39/88 MP: 3/16
 21828 | Lair:4   | Reached skill level 12 in Polearms
 21990 | Lair:4   | Noticed a catoblepas
 22365 | Lair:4   | Killed a catoblepas
 22845 | Lair:4   | Reached skill level 13 in Polearms
 24013 | Lair:5   | Reached skill level 14 in Polearms
 24559 | Lair:5   | Got a crystal short sword
 24980 | Lair:5   | Noticed a death yak
 25025 | Lair:5   | Killed a death yak
 25486 | Lair:5   | Noticed a death yak
 25487 | Lair:5   | Noticed a death yak
 25489 | Lair:5   | Upgraded the game from 0.22-a0-369-gc73351f to 0.22-a0-373-gab1296c
 25491 | Lair:5   | Noticed a death yak
 25521 | Lair:5   | Killed a death yak
 25521 | Lair:5   | Reached skill level 15 in Polearms
 25580 | Lair:5   | Killed a death yak
 25589 | Lair:5   | Killed a death yak
 26661 | D:10     | Reached skill level 16 in Polearms
 27624 | D:10     | Noticed Snorg
 29046 | D:11     | Noticed Fannar
 29047 | D:11     | Noticed a five-headed hydra
 29102 | D:11     | Killed a five-headed hydra
 29102 | D:11     | Reached XP level 13. HP: 41/98 MP: 10/18
 29557 | D:11     | Reached skill level 5 in Spellcasting
 30465 | D:12     | Found a portal to a secret trove of treasure.
 30607 | D:12     | Found a staircase to the Orcish Mines.
 31266 | D:12     | Noticed Sonja
 31521 | Orc:1    | Entered Level 1 of the Orcish Mines
 31546 | Orc:1    | Noticed an ettin
 31558 | Orc:1    | Killed an ettin
 32409 | Orc:2    | Entered Level 2 of the Orcish Mines
 32425 | Orc:1    | Reached ***** piety under Makhleb
 32475 | Orc:2    | Reached skill level 17 in Polearms
 34473 | Orc:2    | Noticed an orc warlord
 35031 | Orc:2    | Killed an orc warlord
 35031 | Orc:2    | Reached skill level 18 in Polearms
 35905 | Orc:2    | Found a staircase to the Elven Halls.
 36835 | Orc:2    | Found a roughly hewn altar of Beogh.
 37045 | Orc:2    | Mangled by an orc knight

Vault maps used:
D:1:      ldierk_walled_garden
D:2:      grunt_dithmenos_smoke_and_mirrors, first_ration,
          kennysheep_generic_room_9
D:3:      led_sif_pool, st_stairs_14
D:4:      kennysheep_big_flooded_room, nemelex_xobeh_ov_fountains_minmay,
          fedhas_bush_and_centaur_altar, temple_statues,
          eino_small_chamber_without_monster
D:5:      overflow_temple_1_default, serial_shops, shop_statue
D:6:      corexii_shack, grunt_ministairs_12
D:7:      kennysheep_mini, basic_altar, uniq_duvessa
D:9:      minitemple, lemuel_coloured_pillars_altar, david_lair_generic,
          uniq_grum
D:10:     basic_altar, uniq_joseph, uniq_snorg, uniq_psyche
D:11:     uniq_fannar
D:12:     david_orc_2, nicolae_trove_entry_columns, grunt_pizzeria, uniq_sonja
Temple:   oiseaux_autumnal_temple
Lair:1:   nicolae_volcano_entry_two_sided, kennysheep_snail_temple,
          lemuel_fruit_fields, grunt_megastairs_3
Lair:2:   grunt_forest_small_clearings
Lair:3:   nicolae_swamp_entry_splash_gauntlet, dummy_snake_entry,
          serial_bayou_pond_e
Orc:2:    pubby_orc_utopia

Skill      XL: |  1  2  3  4  5  6  7  8  9 10 11 12 13 |
---------------+----------------------------------------+-----
Ice Magic      | 4 5 6 7 10 11 12 | 12.0
Charms         | 2 4 |  4.0
Fighting       | 3 4 6 8 |  8.0
Dodging        | 7 10 | 10.0
Evocations     | 4 |  4.3
Invocations    | 4 6 |  6.1
Conjurations   | 3 |  3.2
Polearms       | 11 16 18 | 18.9
Spellcasting   | 3 6 |  6.0
Stealth        | |  2.1

Action                   |  1- 3 |  4- 6 |  7- 9 | 10-12 | 13-15 || total
-------------------------+-------+-------+-------+-------+-------++-------
Melee: Unarmed           |     7 |       |       |       |       ||     7
       Short sword       |     2 |       |       |       |       ||     2
       Dagger            |    24 |       |       |       |       ||    24
       Rapier            |     2 |    96 |   265 |   123 |       ||   486
       Halberd           |       |       |       |   280 |   333 ||   613
       Glaive            |       |       |       |       |   309 ||   309
Throw: Stone             |       |     9 |       |       |       ||     9
       Tomahawk          |       |       |    10 |    31 |     4 ||    45
 Cast: Freeze            |    39 |    69 |   187 |   478 |    58 ||   831
       Throw Frost       |     1 |     2 |    14 |    53 |    15 ||    85
       Ozocubu's Armour  |       |    17 |    44 |    96 |    53 ||   210
       Ensorcelled Hiber |       |     1 |     4 |     2 |     5 ||    12
Invok: Minor Destruction |       |       |     3 |    59 |    12 ||    74
       Lesser Servant of |       |       |       |    36 |    21 ||    57
  Use: Scroll            |       |    10 |     5 |    10 |     5 ||    30
       Potion            |       |       |     2 |     2 |     6 ||    10
 Stab: Sleeping          |     8 |     6 |    10 |    16 |     9 ||    49
       Distracted        |       |       |       |     5 |     3 ||     8
  Eat: Chunk             |     5 |    12 |    22 |    50 |    24 ||   113
       Ration            |       |     2 |     2 |     6 |     1 ||    11
Armor: Robe              |    13 |    28 |   111 |    56 |       ||   208
       Skin              |       |       |    37 |       |       ||    37
       Leather armour    |       |       |       |    93 |   106 ||   199
Dodge: Dodged            |    37 |    82 |   394 |   682 |   396 ||  1591

Table legend:
 A = Spawn XP
 B = Non-spawn XP
 C = Spawn XP percentage of total XP
 D = Spawn monster count
 E = Non-spawn monster count
 F = Spawn count percentage of total count
 G = Total turns spent on level
                    A         B        C        D         E        F      G
               +---------+---------+-------+---------+---------+-------+---------
         Total |       0 |   51740 |   0.0 |       0 |     549 |   0.0 | 37045
               +---------+---------+-------+---------+---------+-------+---------
           D:1 |       0 |      24 |   0.0 |       0 |      14 |   0.0 |   889
           D:2 |       0 |      75 |   0.0 |       0 |      30 |   0.0 |  2155
           D:3 |       0 |     120 |   0.0 |       0 |      17 |   0.0 |  1393
           D:4 |       0 |     307 |   0.0 |       0 |      16 |   0.0 |  2012
           D:5 |       0 |     327 |   0.0 |       0 |      18 |   0.0 |   960
           D:6 |       0 |    1168 |   0.0 |       0 |      34 |   0.0 |  1848
           D:7 |       0 |    1051 |   0.0 |       0 |      25 |   0.0 |  1382
           D:8 |       0 |    1095 |   0.0 |       0 |      25 |   0.0 |  1938
           D:9 |       0 |    5131 |   0.0 |       0 |      54 |   0.0 |  3669
          D:10 |       0 |    3022 |   0.0 |       0 |      36 |   0.0 |  1794
          D:11 |       0 |    4313 |   0.0 |       0 |      36 |   0.0 |  1858
          D:12 |       0 |    4763 |   0.0 |       0 |      34 |   0.0 |  2162
        Lair:1 |       0 |    4188 |   0.0 |       0 |      22 |   0.0 |  1935
        Lair:2 |       0 |    1907 |   0.0 |       0 |      10 |   0.0 |   861
        Lair:3 |       0 |    2532 |   0.0 |       0 |      16 |   0.0 |  2419
        Lair:4 |       0 |    3823 |   0.0 |       0 |      21 |   0.0 |  2295
        Lair:5 |       0 |    5533 |   0.0 |       0 |      19 |   0.0 |  2246
         Orc:1 |       0 |    3572 |   0.0 |       0 |      32 |   0.0 |  1985
         Orc:2 |       0 |    8789 |   0.0 |       0 |      90 |   0.0 |  3025
               +---------+---------+-------+---------+---------+-------+---------
